 Dungeon Crawl Stone Soup version 0.30.0-10-gfe55d96785 (webtiles) character file.

Game seed: 9093874973424894103

170 Irreverend the Shooter (level 5, 46/46 HPs)
             Began as a Minotaur Hunter on May 14, 2023.
             Quit the game on level 4 of the Dungeon.
             The game lasted 00:02:42 (2663 turns).

Irreverend the Shooter (Minotaur Hunter)            Turns: 2663, Time: 00:02:43

Health: 46/46      AC:  4    Str: 15    XL:     5   Next: 26%
Magic:  4/4        EV: 13    Int:  6    God:
Gold:   188        SH:  0    Dex: 16    Spells: 4/4 levels left

rFire   . . .        a - +0 shortbow
rCold   . . .        (shield currently unavailable)
rNeg    . . .        c - +0 leather armour
rPois   .            (helmet restricted)
rElec   .            (no cloak)
rCorr   .            i - +0 pair of gloves
SInv    .            (no boots)
Will    .....        (no amulet)
Stlth   ++           (no ring)
HPRegen 0.27/turn    (no ring)
MPRegen 0.09/turn

%: no passive effects
@: no status effects
A: horns 2, retaliatory headbutt
a: no special abilities


You were on level 4 of the Dungeon.
You visited 1 branch of the dungeon, and saw 4 of its levels.

You collected 188 gold pieces.

Inventory:

Hand Weapons
 a - a +0 shortbow (weapon)
Armour
 c - a +0 leather armour (worn)
 i - a +0 pair of gloves (worn)
Scrolls
 b - 2 scrolls of immolation
 d - 2 scrolls of noise {unknown}
 e - 2 scrolls of vulnerability {unknown}
 h - 3 scrolls of identify {unknown}
 j - 3 scrolls of teleportation {unknown}
Potions
 f - a potion of heal wounds {unknown}
 g - 3 potions of curing {unknown}
 k - 2 potions of haste {unknown}
 l - a potion of lignification {unknown}
 m - 2 potions of ambrosia {unknown}
 n - a potion of flight {unknown}


   Skills:
 + Level 3.6 Fighting
 * Level 5.7 Ranged Weapons
 + Level 3.2 Dodging
 + Level 2.1 Stealth


You had 4 spell levels left.
You didn't know any spells.
Your spell library contained the following spells:

 Spells                   Type           Power      Damage    Failure   Level
 Olgreb's Toxic Radiance  Pois           0%         N/A       99%         4
 Discord                  Hex            0%         N/A       100%        8
 Ignition                 Fire           0%         3d3       100%        8


Dungeon Overview and Level Annotations

Branches:
Dungeon (4/15)
 Temple: D:4-7

Altars:
Ashenzari
Sif Muna

Shops:
D:3 *   D:4 =


Innate Abilities, Weirdness & Mutations

You have a pair of horns on your head.
You reflexively headbutt those who attack you in melee.


Message History

You shoot an arrow. The arrow hits the dart slug.
The dart slug is heavily wounded.
You shoot an arrow. The arrow hits the dart slug!
You kill the dart slug!
No target in view!
No target in view!
No target in view!
No target in view!
No target in view!
No target in view!
No target in view!
No target in view!
No target in view!
There is an entrance to Biena's Jewellery Shoppe here.
Found a leather armour and 3 stones.
Found a stone staircase leading up.
A scorpion comes into view.
You shoot an arrow. The arrow hits the scorpion!
The scorpion is moderately wounded.
You shoot an arrow.
The arrow hits the scorpion but does no damage.
The scorpion is moderately wounded.
You shoot an arrow. The arrow hits the scorpion!
The scorpion is severely wounded.
You shoot an arrow. The arrow hits the scorpion.
The scorpion is almost dead.
The scorpion stings you.
You shoot an arrow. The arrow barely misses the scorpion.
The scorpion closely misses you.
You shoot an arrow. The arrow closely misses the scorpion.
The scorpion barely misses you. x2
You shoot an arrow. The arrow closely misses the scorpion.
The scorpion completely misses you.
You shoot an arrow. The arrow hits the scorpion!
You kill the scorpion!
Your Stealth skill increases to level 2!
You have reached level 5!
You see here a scorpion corpse.
Found a broken altar of Ashenzari.
Unknown command.
Are you sure you want to abandon this character and quit the game? (Confirm with "yes".)

_. #.. ..# #.. ...#..
#.#.. ########### ....
#.........#
#..#####........∩#
######.......<.†.....#
.......@####.........##
.....##..#####..####..##
####.....†...#.## ##...
....######....# ###. ...
#..############ .
#..............
##.#............
##...##..........
.#..(.#.#.........


There were no monsters in sight!

Vanquished Creatures
  A scorpion (D:4)
  A gnoll (D:1)
  3 adders (D:2)
  5 dart slugs
  7 bats
  6 endoplasms
  5 giant cockroaches
  4 goblins
  4 hobgoblins
  2 jackals (D:3)
  6 kobolds
  4 quokkas
  4 ball pythons
  A frilled lizard (D:1)
  4 rats
57 creatures vanquished.

Notes
Turn   | Place    | Note
-------+----------+-------------------------------------------
     0 | D:1      | Irreverend the Minotaur Hunter began the quest for the Orb.
     0 | D:1      | Reached XP level 1. HP: 18/18 MP: 0/0
    38 | D:1      | Reached skill level 1 in Stealth
    38 | D:1      | Reached XP level 2. HP: 17/25 MP: 1/1
   410 | D:1      | Reached XP level 3. HP: 30/30 MP: 2/2
   768 | D:2      | Reached skill level 5 in Ranged Weapons
  1162 | D:2      | Reached XP level 4. HP: 38/38 MP: 3/3
  2006 | D:3      | Found Locamyam's General Store.
  2510 | D:3      | Found a shimmering blue altar of Sif Muna.
  2585 | D:4      | Found Biena's Jewellery Shoppe.
  2651 | D:4      | Noticed a scorpion
  2659 | D:4      | Killed a scorpion
  2660 | D:4      | Reached XP level 5. HP: 46/46 MP: 4/4
  2662 | D:4      | Found a broken altar of Ashenzari.
  2663 | D:4      | Quit the game

Illustrated notes

Levels and vault maps discovered:
D:1:      lemuel_arrival_river_ford, layout_loops_ring
D:2:      layout_loops_ring, serial_glass, glass_columns_a, glass_columns_b,
          minmay_strange_pillars, feat_on_display, kennysheep_generic_room_13
D:3:      layout_basic, led_sif_pool, serial_shops, nicolae_shop_waterfront
D:4:      layout_rooms, mainiacjoe_overflow_cross_hatched, serial_shops, shop,
          chequers_serial_rivers_micro_d, minmay_misc_feat_secret_circle,
          chequers_serial_rivers_micro_a, nicolae_nh_ransacked_shop

Skill      XL: |  1  2  3  4 |
---------------+-------------+-----
Stealth        | 1 2 |  2.1
Fighting       | 3 |  3.6
Ranged Weapons | 5 |  5.7
Dodging        | 3 |  3.2

Action                     |  1- 3 |  4- 6 || total
---------------------------+-------+-------++-------
   Fire: Shortbow          |    89 |    58 ||   147
 Armour: Leather armour    |    10 |     6 ||    16
  Dodge: Dodged            |    19 |    13 ||    32
